Map: Green Acres

Players

A.I. 2 (Hard)

  • Race: Zerg Zerg
  • Spawn Location: 12:00

wasp

  • Race: Protoss Protoss
  • Spawn Location: 7:00

larsgj

  • Race: Terran Terran
  • Spawn Location: 6:00

VOD

Have the link to the VOD?

Description

Time

  • Played on: Jan. 22, 2022, 8:25 a.m.
  • Length: 9:17
Show
View Real Time Build Order
Export as new Build Order

A.I. 2 (Hard) Zerg 

Build Orders: 1 Base Baneling Bust, Pool First 

Get SALT Encoding   

  12  0:01  Drone  
  13  0:13  Overlord  
  13  0:17  Drone  
  14  0:31  Drone  
  14  0:32  Drone  
  16  0:43  Spawning Pool  
  16  0:45  Drone  
  16  0:49  Drone  
  17  0:53  Extractor  
  17  0:56  Drone  
  17  1:06  Overlord  
  17  1:30  Queen  
  17  1:32  Zergling x2  
  20  1:35  Roach Warren  
  20  1:37  Zergling x2  
  20  1:39  Drone  
  21  1:41  Extractor  
  20  1:49  Drone  
  21  2:00  Drone  
  22  2:11  Overlord  
  22  2:22  Drone  
  23  2:32  Roach  
  26  2:37  Roach, Drone  
  26  2:42  Overlord  
  28  2:45  Roach  
  30  2:55  Roach  
  32  3:06  Roach  
  32  3:08  Drone  
  32  3:11  Roach, Overlord  
  37  3:17  Drone  
  38  3:28  Drone  
  38  3:29  Baneling Nest  
  38  3:37  Evolution Chamber  
  38  3:39  Roach  
  38  3:40  Drone  
  40  3:42  Drone  
  40  3:43  Drone  
  42  3:50  Drone  
  43  4:01  Roach  
  45  4:12  Drone  
  46  4:43  Zergling x2, Lair  
  46  4:44  Overlord, Zerg Melee Weapons Level 1  
  47  4:46  Evolution Chamber  
  47  4:47  Drone  
  47  4:50  Baneling  
  47  5:12  Zerg Ground Armor Level 1  
  47  5:13  Zergling x2  
  47  5:20  Zergling x2  
  45  5:26  Zergling x2  
  46  5:29  Metabolic Boost  
  46  5:33  Zergling x2  
  47  5:45  Spire  
  46  6:05  Drone, Spore Crawler  
  46  6:07  Burrow  
  46  6:11  Zergling x2, Baneling  
  46  6:12  Spore Crawler  
  46  6:13  Drone  
  47  6:31  Hatchery  
  46  6:33  Overlord  
  46  6:36  Drone  
  46  6:38  Zerg Missile Weapons Level 1  
  47  6:57  Mutalisk  
  49  7:03  Spine Crawler  
  49  7:04  Mutalisk  
  50  7:10  Spine Crawler, Mutalisk  
  51  7:16  Mutalisk  
  51  7:17  Overseer  
  51  7:18  Queen  
  55  7:23  Mutalisk  
  55  7:27  Overseer  
  55  7:29  Mutalisk  
  59  7:43  Queen, Drone  
  62  7:45  Drone  
  62  7:46  Drone  
  64  7:51  Drone  
  64  7:58  Drone  
  66  8:01  Extractor  
  66  8:02  Drone  
  66  8:04  Spore Crawler  
  66  8:05  Drone  
  66  8:06  Spore Crawler  
  66  8:07  Hydralisk Den  
  66  8:09  Drone  
  66  8:12  Drone  
  66  8:15  Drone  
  66  8:19  Drone  
  68  8:24  Overlord  
  68  8:26  Drone  
  69  8:29  Drone  
  69  8:32  Drone  
  71  8:35  Drone  
  71  8:37  Drone  
  73  8:48  Overseer  
  73  8:50  Zergling x2  
  73  8:53  Zergling x2  
  75  8:56  Overlord  
  75  8:58  Zergling x2  
Show
View Real Time Build Order
Export as new Build Order

wasp Protoss 

Build Orders:  

Get SALT Encoding   

  12  0:14  Pylon  
  12  0:22  Pylon  
  12  0:31  Probe  
  13  0:40  Assimilator  
  13  0:43  Probe  
  14  0:52  Gateway  
  14  1:08  Gateway  
  14  1:14  Probe  
  15  1:27  Pylon  
  15  1:32  Pylon  
  15  1:43  Zealot  
  17  2:00  Zealot  
  19  2:10  Zealot  
  21  2:27  Zealot  
  23  2:32  Pylon  
  23  2:37  Zealot  
  23  2:43  Gateway  
  25  2:52  Pylon  
  25  2:55  Zealot  
  27  3:04  Pylon  
  27  3:30  Pylon  
  27  3:33  Zealot  
  29  3:37  Zealot  
  31  3:46  Zealot  
  33  4:00  Zealot  
  35  4:45  Nexus  
  35  5:01  Pylon  
  35  5:07  Pylon  
  35  5:24  Zealot x3  
  41  5:40  Forge  
  41  6:16  Pylon  
  41  6:19  Pylon  
  41  6:23  Pylon  
  41  6:52  Photon Cannon  
  41  6:54  Photon Cannon  
  41  7:05  Photon Cannon  
  41  7:12  Photon Cannon  
  41  7:20  Probe  
  42  7:32  Probe  
  42  7:33  Zealot  
  45  7:44  Probe  
  46  7:55  Photon Cannon  
  46  8:05  Photon Cannon  
  46  8:23  Photon Cannon  
  46  8:49  Photon Cannon  
  46  9:01  Photon Cannon  
  46  9:14  Photon Cannon  
Show
View Real Time Build Order
Export as new Build Order

larsgj Terran 

Build Orders:  

Get SALT Encoding   

  12  0:01  SCV  
  13  0:13  SCV  
  14  0:26  SCV  
  15  0:31  Supply Depot  
  15  0:36  Supply Depot  
  15  0:53  SCV  
  16  1:00  Barracks  
  16  1:05  Refinery  
  16  1:08  Refinery  
  16  1:12  Engineering Bay  
  16  1:46  Command Center  
  16  1:50  Marine  
  17  2:08  SCV  
  17  2:11  Marine  
  19  2:21  SCV  
  20  2:26  Terran Infantry Weapons Level 1  
  20  2:28  Marine  
  21  2:33  SCV  
  22  2:45  SCV  
  23  2:54  Barracks  
  23  3:18  Marine  
  24  3:21  SCV  
  25  3:33  SCV  
  26  3:36  Marine  
  27  3:45  SCV  
  28  3:54  Marine  
  29  3:58  SCV  
  30  4:03  Refinery  
  30  4:06  Refinery  
  30  4:07  Marine  
  31  4:12  Marine  
  32  4:21  SCV, Terran Infantry Armor Level 1  
  33  4:25  Marine  
  33  4:29  Marine  
  35  4:33  SCV  
  36  4:43  Marine  
  36  4:45  SCV  
  38  4:47  Marine  
  39  4:55  Bunker  
  39  4:57  SCV  
  40  5:01  Marine  
  41  5:09  SCV  
  37  5:26  Bunker  
  32  5:31  Marine x2  
  33  5:48  Marine  
  33  5:49  Marine  
  35  6:02  Bunker  
  35  6:06  Marine x2  
  37  6:24  Marine x2  
  39  6:26  Orbital Command  
  39  6:39  Bunker  
  39  6:42  Marine x2, Refinery  
  41  7:00  Marine x2  
  43  7:07  Supply Depot  
  43  7:18  Marine x2  
  43  7:19  Factory  
  45  7:30  Refinery, Supply Depot  
  45  7:35  Marine  
  45  7:36  Orbital Command, Marine  
  47  7:53  Marine x2  
  47  7:54  Supply Depot  
  49  8:08  Missile Turret  
  49  8:15  Marine  
  49  8:17  Barracks Tech Lab  
  50  8:30  Missile Turret  
  50  8:45  Barracks Reactor  
  50  8:52  Missile Turret  
  46  9:03  Armory  
Tags
 
Add a new tag
Caveats
  • Supply blocks, unpowered buildings, or Contaminate may cause inaccurate times.
  • Supply counts are checked every 10 seconds.